 Dungeon Crawl Stone Soup version 0.19.5 (webtiles) character file.

48 tidbits the Sneak (level 3, 3/26 HPs)
             Began as a High Elf Wanderer on Aug 8, 2017.
             Quit the game on level 3 of the Dungeon.
             The game lasted 00:04:01 (461 turns).

tidbits the Sneak (High Elf Wanderer)                Turns: 461, Time: 00:04:02

Health: 3/26       AC:  5    Str: 13    XL:     3   Next: 50%
Magic:  4/4        EV:  4    Int: 16    God:
Gold:   37         SH:  7    Dex: 13    Spells: 0 memorised, 2 levels left

rFire  . . .     SeeInvis .     a - +2 spear
rCold  . . .     Gourm    .     e - +0 chain mail
rNeg   . . .     Faith    .     n - +0 shield
rPois  .         Spirit   .     (no helmet)
rElec  .         Reflect  .     (no cloak)
rCorr  .         Harm     .     (no gloves)
MR     .....                    (no boots)
Stlth  ..........               (no amulet)
                                (no ring)
                                (no ring)

@: seriously poisoned (3 -> 1), very slightly contaminated, hasted, very quick
A: deformed body, shaggy fur 1, MP-powered wands
a: no special abilities


You were on level 3 of the Dungeon.
You were not hungry.

You visited 1 branch of the dungeon, and saw 3 of its levels.

You collected 37 gold pieces.

Inventory:

Hand Weapons
 a - a +2 spear (weapon)
 d - a +0 dagger
Missiles
 g - 21 stones (quivered)
Armour
 c - a +0 robe
 e - a +0 chain mail (worn)
   (You found it on level 1 of the Dungeon)
 n - a +0 shield (worn)
   (You found it on level 2 of the Dungeon)
Scrolls
 b - 2 scrolls of teleportation
 i - a scroll of blinking {unknown}
 l - a scroll of recharging {unknown}
 r - a scroll of remove curse
Comestibles
 f - a bread ration
 m - a meat ration
 o - 3 fruits


   Skills:
 - Level 3.0 Fighting
 - Level 1.5 Polearms
   Level 1.0 Crossbows
 - Level 1.0 Armour
 - Level 3.1 Dodging
 - Level 3.2 Stealth
 + Level 1.0 Shields


You had 2 spell levels left.
You didn't know any spells.

Dungeon Overview and Level Annotations

Branches:
Dungeon (3/15)

Altars:

Annotations:
D:3 Jessica


Innate Abilities, Weirdness & Mutations

Armour fits poorly on your strangely shaped body.
You are covered in fur. (AC +1)
You expend magic power (3 MP) to strengthen your wands.


Message History

You block the hobgoblin's attack.
You closely miss the hobgoblin.
The hobgoblin is severely wounded.
You block the hobgoblin's attack.
You closely miss the hobgoblin.
The hobgoblin is severely wounded.
You block the hobgoblin's attack.
You closely miss the hobgoblin.
The hobgoblin is severely wounded.
The hobgoblin hits you but does no damage.
You closely miss the hobgoblin.
The hobgoblin is severely wounded.
The hobgoblin hits you with a club.
Your chain mail prevents you from hitting the hobgoblin.
The hobgoblin is severely wounded.
The hobgoblin hits you but does no damage.
You hit the hobgoblin.
The hobgoblin is almost dead.
The hobgoblin barely misses you.
You closely miss the hobgoblin.
The hobgoblin is almost dead.
The hobgoblin hits you but does no damage.
You hit the hobgoblin.
You kill the hobgoblin!
The adder bites you but does no damage.
You closely miss the adder. The adder bites you but does no damage.
Your shield and chain mail prevent you from hitting the adder.
You block the adder's attack. The adder bites you but does no damage.
You closely miss the adder.
The adder bites you but does no damage. x2
You hit the adder.
The adder is lightly wounded.
You block the adder's attack.
Your shield and chain mail prevent you from hitting the adder.
The adder bites you but does no damage. x2
You hit the adder.
The adder is moderately wounded.
The adder bites you.
A jackal comes into view.
You completely miss the adder.
The adder is moderately wounded.
The jackal barks!
The adder bites you.
You are poisoned.
The adder poisons you! The adder bites you but does no damage.
A jackal comes into view.
The jackal barks!
You puncture the adder!
The adder is almost dead.
You feel sick. You block the adder's attack.
You closely miss the adder.
The adder is almost dead.
You block the adder's attack. The adder bites you.
* * * LOW HITPOINT WARNING * * *
A jackal comes into view.
The jackal barks!
Unknown command.
You hit the adder.
You kill the adder!
Your Shields skill increases to level 1!
An orc wizard comes into view. It is wielding a dagger.
The orc wizard shouts!
You hit the worm.
The worm is lightly wounded.
You feel sick.
The jackal bites you but does no damage. x2
An orc comes into view. It is wielding a dagger.
You hit the worm.
The worm is moderately wounded.
The jackal barely misses you. The worm barely misses you.
Jessica the Apprentice Sorceress comes into view.
She is wielding a club.
Jessica shouts!
You hit the worm.
The worm is heavily wounded.
The worm barely misses you. The jackal bites you.
* * * LOW HITPOINT WARNING * * *
Unknown command.
Your shield and chain mail prevent you from hitting the worm.
The worm is moderately wounded.
The jackal bites you but does no damage.
The orc wizard casts a spell.
The orc wizard flickers and vanishes!
Deactivating autopickup; reactivate with Ctrl-A.
Unknown command.
It was a potion of mutation.
You feel extremely strange.
Your body twists and deforms.
Fur sprouts all over your body.
You feel your magical essence link to your wands.
You feel sick. The jackal bites you.
* * * LOW HITPOINT WARNING * * *
The worm bites you.
* * * LOW HITPOINT WARNING * * *
The jackal barely misses you.
Are you sure you want to abandon this character and quit the game? (Confirm with "yes".)
Okay, then.
It was a potion of cancellation.
You feel magically purged. You block the jackal's attack.
The worm bites you but does no damage.
It was a potion of haste.
You feel yourself speed up.
The jackal bites you but does no damage.
You are very lightly contaminated with residual magic.
Are you sure you want to abandon this character and quit the game? (Confirm with "yes".) .# .. #.## .@# {ho

... #h# #w...
#h# ...#.# ###
#@# .....
#...##w##...#
#.....#..#####
#.............
######<....##
##.g#.# ..# #
.... .....


You could see a worm, Jessica, an orc and 3 jackals.

Vanquished Creatures
  An adder (D:3)
  2 dart slugs
  2 ball pythons
  3 giant cockroaches (D:1)
  2 goblins (D:1)
  9 hobgoblins
  4 jackals (D:1)
  2 bats (D:1)
  2 frilled lizards
  A kobold (D:1)
  A rat (D:1)
29 creatures vanquished.

Notes
Turn   | Place    | Note
-------+----------+-------------------------------------------
     0 | D:1      | tidbits the High Elf Wanderer began the quest for the Orb.
     0 | D:1      | tidbits set off with: a +2 spear, 2 scrolls of teleportation, a +0 robe, a +0 dagger, a bread ration
     0 | D:1      | Reached XP level 1. HP: 16/16 MP: 2/2
    34 | D:1      | Reached skill level 1 in Dodging
   112 | D:1      | Reached XP level 2. HP: 12/21 MP: 3/3
   126 | D:1      | Reached skill level 2 in Dodging
   308 | D:2      | Reached skill level 3 in Dodging
   308 | D:2      | Reached XP level 3. HP: 10/26 MP: 4/4
   453 | D:3      | Reached skill level 1 in Shields
   456 | D:3      | Noticed Jessica
   458 | D:3      | Gained mutation: Armour fits poorly on your strangely shaped body. [potion of mutation]
   458 | D:3      | Gained mutation: You are covered in fur. (AC +1) [potion of mutation]
   458 | D:3      | Gained mutation: You expend magic power (3 MP) to strengthen your wands. [potion of mutation]
   458 | D:3      | HP: 2/26 [worm (6)]
   461 | D:3      | Quit the game

Skill      XL: |  1  2  3 |
---------------+----------+-----
Dodging        | 1 3 |  3.1
Shields        | 1 |  1.0
Fighting       | |  3.0
Polearms       | |  1.5
Crossbows      | |  1.0
Armour         | |  1.0
Stealth        | |  3.2

Action                   || total
-------------------------++-------
Melee: Spear             ||   127
  Use: Potion            ||     3
       Scroll            ||     1
Armor: Chain mail        ||    64
       Robe              ||     1
Dodge: Dodged            ||    31
Block: Shield            ||    12

Table legend:
 A = Turns spent in this place as a percentage of turns spent in the entire game.
 B = Non-inter-level travel turns spent in this place as a percentage of non-inter-level travel turns spent in the entire game.
 C = Inter-level travel turns spent in this place as a percentage of turns spent in this place.
 D = Turns resting spent in this place as a percentage of non-inter-level travel turns spent in this place.
 E = Turns spent auto-exploring this place as a percentage of non-inter-level travel turns spent in this place.
 F = Non-inter-level travel turns spent in this place divided by the number of levels of this place that you've seen.
                   A       B       C       D       E      F
               +-------+-------+-------+-------+-------+----------------------
         Total | 100.0 | 100.0 |   0.0 |   0.0 |   0.0 | 157.7
       Dungeon | 100.0 | 100.0 |   0.0 |   0.0 |   0.0 | 157.7
               +-------+-------+-------+-------+-------+----------------------

Table legend:
 A = Kills in this place as a percentage of kills in entire the game.
 B = Kills by you in this place as a percentage of kills by you in the entire game.
 C = Kills by friends in this place as a percentage of kills by friends in the entire game.
 D = Other kills in this place as a percentage of other kills in the entire game.
 E = Experience gained in this place as a percentage of experience gained in the entire game.
 F = Experience gained in this place divided by the number of levels of this place that you have seen.
                   A       B       C       D       E      F
               +-------+-------+-------+-------+-------+----------------------
         Total | 100.0 | 100.0 |  -nan |  -nan | 100.0 |  23.0
       Dungeon | 100.0 | 100.0 |  -nan |  -nan | 100.0 |  23.0
               +-------+-------+-------+-------+-------+----------------------

Vault maps used:
D:1:      grunt_arrival_lava_bath
D:2:      xom_redecorated, first_bread, uniq_crazy_yiuf_cottage
D:3:      nicolae_overflow_hidden_temple, uniq_jessica
